 Dungeon Crawl Stone Soup version 0.28.0-53-g5a82cb258f (webtiles) character file.

Game seed: 1792220215016043785

7906 issech the Protected (level 11, -3/85 HPs)
             Began as a Minotaur Monk on June 5, 2022.
             Was a Priest of Hepliaklqana.
             Killed from afar by Fannar (30 damage)
             ... with a bolt of cold
             ... on level 10 of the Dungeon.
             The game lasted 00:30:53 (12170 turns).

issech the Protected (Minotaur Monk)               Turns: 12170, Time: 00:30:53

Health: -3/85      AC: 19    Str: 20    XL:     11   Next: 2%
Magic:  0/10       EV:  8    Int:  7    God:    Hepliaklqana [***...]
Gold:   301        SH:  4    Dex: 16    Spells: 10/10 levels left

rFire   . . .      SeeInvis .   j - +7 rapier "Foote" {flame, Str+3}
rCold   . . .      Faith    .   e - +0 buckler
rNeg    . . .      Spirit   +   M - +0 plate armour
rPois   .          Reflect  .   Y - +1 hat
rElec   .          Harm     .   o - +2 cloak
rCorr   .          Rampage  .   (no gloves)
Will    ++...                   (no boots)
Stlth   ..........              L - amulet of guardian spirit
HPRegen 0.24/turn               c - ring of willpower
MPRegen 0.12/turn               R - ring of willpower

@: no status effects
A: reduced essence, horns 2, retaliatory headbutt
a: Renounce Religion, Recall Ancestor, Ancestor Identity, Transference


You were on level 10 of the Dungeon.
You worshipped Hepliaklqana.
Hepliaklqana was most pleased with you.
You visited 2 branches of the dungeon, and saw 11 of its levels.

You collected 469 gold pieces.
You spent 168 gold pieces at shops.

Inventory:

Hand Weapons
 a - a +2 vampiric halberd
 j - the +7 rapier "Foote" (weapon) {flame, Str+3}
   (You found it on level 7 of the Dungeon)

   It burns those it strikes, dealing additional fire damage.
   Str:       It affects your strength (+3).
 E - a +5 long sword
 G - a +0 hunting sling
 J - a +1 trident of venom
 N - a +3 halberd of protection
 S - a +2 scimitar of flaming
 U - a +2 flail of protection
Missiles
 h - 154 arrows
 i - 43 poisoned darts
 r - 237 stones
 v - a curare-tipped dart
 x - 16 bolts
 y - 79 sling bullets
 A - 3 boomerangs (quivered)
Armour
 e - a +0 buckler (worn)
 o - a +2 cloak (worn)
 M - a +0 plate armour (worn)
 P - a +0 robe of cold resistance
 Q - a +1 leather armour of poison resistance
 Y - a +1 hat (worn)
Jewellery
 c - a ring of willpower (left hand)
 m - an amulet of the acrobat
 p - a +6 ring of intelligence
 L - an amulet of guardian spirit (around neck)
 R - a ring of willpower (right hand)
Wands
 D - a wand of acid (11)
 I - a wand of iceblast (21)
 O - a wand of digging (4)
 W - a wand of paralysis (2)
 Z - a wand of flame (10)
Scrolls
 b - 2 scrolls of teleportation
 d - a scroll of amnesia
 g - a scroll of fog
 n - 2 scrolls of silence
 q - a scroll of brand weapon
 B - 2 scrolls of enchant weapon
 F - a scroll of blinking
 H - 2 scrolls of fear {unknown}
 T - 2 scrolls of magic mapping {unknown}
 X - a scroll of noise {unknown}
Potions
 f - 2 potions of attraction {unknown}
 k - 2 potions of curing {unknown}
 l - a potion of flight {unknown}
 s - 2 potions of ambrosia {unknown}
 t - a potion of degeneration {unknown}
 u - 2 potions of might
 w - 2 potions of brilliance {unknown}
 z - 2 potions of haste
 C - a potion of lignification {unknown}
 V - a potion of mutation {unknown}


   Skills:
 + Level 8.9 Fighting
 + Level 6.0 Short Blades
 + Level 5.1(8.4) Axes
 + Level 10.4(11.0) Maces & Flails
 + Level 1.3 Throwing
 + Level 11.5 Armour
 + Level 5.8 Dodging
 + Level 3.0 Stealth
 + Level 1.8 Shields


You had 10 spell levels left.
You didn't know any spells.
Your spell library was empty.

Dungeon Overview and Level Annotations

Branches:
Dungeon (10/15)            Temple (1/1) D:4            Lair (0/6) D:9
    Orc: D:9-12

Altars:
Ashenzari
Cheibriados
Dithmenos
Elyvilon
Fedhas
Gozag
Hepliaklqana
Kikubaaqudgha
Nemelex Xobeh
Okawaru
Qazlal
Ru
Sif Muna
Trog
Uskayaw
Wu Jian
Xom
Yredelemnul
Zin
The Shining One

Shops:
D:6 [

Annotations:
D:10 4 transporters, Fannar


Innate Abilities, Weirdness & Mutations

Your life essence is reduced to manifest your ancestor. (-10% HP)
You have a pair of horns on your head.
You reflexively headbutt those who attack you in melee.


Message History

You kill the kobold!
r - 235 stones (gained 4)
Items here: )) [ †.
Okay, then.
r - 237 stones (gained 2);
i - 39 poisoned darts (gained 10)
Items here: ))) †.
Okay, then.
i - 43 poisoned darts (gained 4)
Things that are here:
a +0 dagger; a kobold corpse
Items here: ))) †.
You swap places.
There is a transporter landing site here.
Found a transporter.
Found a fizzy golden potion.
Found a transporter.
Found a short sword.
There is a transporter here.
k - 2 fizzy golden potions (gained 1)
There is a transporter here.
You swap places.
You open the door.
There is an open door here.
Fannar the Cold-Hearted comes into view.
They are wielding a +0 quarterstaff of freezing and wearing a +2 robe of cold resistance.
Fannar shouts!
Fannar gestures wildly while chanting.
Fannar drains the heat from the surrounding environment!
Fannar drinks a potion.
Fannar seems to speed up.
Okay, then.
Fannar mumbles some strange words.
You miss Fannar.
Fannar mumbles some strange words.
Fannar drains the heat from the surrounding environment!
Caesarion is frozen.
Caesarion resists.
You hit Fannar. You burn Fannar. Your headbutt misses Fannar.
Fannar is lightly wounded.
Fannar gestures at you while chanting. The bolt of cold hits you!!
You die...

.... . .#.## ##.#. .....
.....# ...# ##...#.#
#..# #....#.#
#..########.#..#.# #..Y
...##.##.#.#
#e#####.#..©#.#.##
#######@R..##...©...#..#
...........'..#©..#.....
#######....##.##.#####.#
#.#.......).. ....
#.#.###.####.####.
#.#....... ... #.
#.#..##.### .#.##
..#..##.# .# ##
......... #


You could see the friendly Caesarion the battlemage, Fannar (fast, ally target)
and an ice beast (summoned).

Vanquished Creatures
  A death yak (D:9)
  Pikel (D:4)
  An elephant (D:9)
  2 kobold demonologists (D:10)
  An efreet (D:9)
  A troll (D:9)
  2 hornets (D:8)
  Prince Ribbit (D:8)
  Eustachio (D:5)
  Sigmund (D:5)
  An acid dragon (D:9)
  Duvessa (D:4)
  2 orc warriors
  5 black bears
  3 ice beasts
  A sky beast (D:6)
  2 wolves (D:8)
  2 ogres
  2 centaurs (D:5)
  2 phantoms (D:5)
  3 lemures (D:4)
  A bullfrog (D:8)
  4 kobold brigands
  A wyvern zombie (D:5)
  2 scorpions (D:6)
  2 water moccasin skeletons (D:5)
  Dowan (D:4)
  4 wights
  A howler monkey (D:10)
  The ghost of KittyFluff the Skirmisher, a weakling GrBe of Trog (D:3)
  A jelly (D:5)
  Crazy Yiuf (D:4)
  4 orc priests
  A bullfrog skeleton (D:7)
  A hound (D:6)
  A gnoll shaman (D:5)
  A centaur skeleton (D:4)
  Ijyb (D:4)
  2 iguanas
  4 orc wizards
  A hound skeleton (D:4)
  A howler monkey zombie (D:9)
  5 gnolls (D:5)
  A howler monkey skeleton (D:5)
  5 adders
  2 white imps
  An ufetubus (D:7)
  An adder skeleton (D:4)
  2 dart slugs
  5 worms
  21 orcs
  9 ball pythons
  5 bats
  6 endoplasms
  3 giant cockroaches
  5 goblins (D:2)
  10 hobgoblins
  6 quokkas
  A frilled lizard (D:2)
  13 kobolds
  5 rats
178 creatures vanquished.

Vanquished Creatures (collateral kills)
  A two-headed ogre (D:8)
  Grum (D:8)
  An orc warrior (D:10)
  2 black bears (D:9)
  A kobold brigand (D:10)
  A bullfrog (D:8)
  A water moccasin zombie (D:7)
  2 shadow imps
  2 orcs
12 creatures vanquished.

Vanquished Creatures (others)
  19 fungi (D:6)
19 creatures vanquished.

Grand Total: 209 creatures vanquished

Notes
Turn   | Place    | Note
-------+----------+-------------------------------------------
     0 | D:1      | issech the Minotaur Monk began the quest for the Orb.
     0 | D:1      | Reached XP level 1. HP: 19/19 MP: 0/0
    80 | D:1      | Found a faded altar of an unknown god.
   438 | D:1      | Reached XP level 2. HP: 8/27 MP: 1/1
  1347 | D:2      | Reached XP level 3. HP: 22/34 MP: 2/2
  2157 | D:2      | Reached XP level 4. HP: 41/41 MP: 3/3
  2549 | D:3      | Found a sacrificial altar of Ru.
  2615 | D:3      | Found a large runed translucent door.
  2615 | D:3      | Found a large runed translucent door.
  2627 | D:3      | Noticed KittyFluff's ghost (weakling GrBe)
  3054 | D:3      | Killed KittyFluff's ghost
  3318 | D:4      | Reached XP level 5. HP: 47/47 MP: 4/4
  3321 | D:4      | Reached skill level 5 in Axes
  3377 | D:4      | Reached skill level 1 in Armour
  3389 | D:4      | Noticed an ogre
  3406 | D:4      | Killed an ogre
  3407 | D:4      | Reached skill level 5 in Fighting
  3407 | D:4      | Reached skill level 1 in Maces & Flails
  3562 | D:4      | Found a staircase to the Ecumenical Temple.
  3581 | Temple   | Entered the Ecumenical Temple
  3758 | D:4      | Reached skill level 2 in Armour
  3818 | D:4      | Reached XP level 6. HP: 45/56 MP: 5/5
  4192 | D:4      | Noticed Duvessa
  4196 | D:4      | Noticed Dowan
  4204 | D:4      | Reached skill level 3 in Armour
  4218 | D:4      | Killed Duvessa
  4219 | D:4      | Reached XP level 7. HP: 32/61 MP: 6/6
  4228 | D:4      | Killed Dowan
  4229 | D:4      | Reached skill level 4 in Armour
  4385 | D:4      | Found a runed translucent door.
  4386 | D:4      | Noticed Crazy Yiuf
  4496 | D:4      | Noticed Ijyb
  4508 | D:4      | Killed Ijyb
  4990 | D:4      | Killed Crazy Yiuf
  5155 | D:5      | Entered Level 5 of the Dungeon
  5157 | D:5      | Noticed Sigmund
  5181 | D:5      | Noticed Pikel
  5422 | D:4      | Reached skill level 5 in Maces & Flails
  6009 | D:4      | Killed Pikel
  6010 | D:4      | Reached skill level 5 in Armour
  6010 | D:4      | Reached XP level 8. HP: 39/71 MP: 7/7
  6390 | D:5      | Noticed Eustachio
  6408 | D:5      | Killed Eustachio
  6409 | D:5      | Reached skill level 6 in Armour
  6530 | D:5      | Reached XP level 9. HP: 40/79 MP: 8/8
  6642 | D:5      | Reached skill level 7 in Armour
  6756 | D:5      | Killed Sigmund
  6926 | D:5      | Reached skill level 5 in Dodging
  7446 | D:6      | Reached skill level 8 in Armour
  7784 | D:6      | Found Teib's Antique Armour Boutique.
  7789 | D:6      | Bought a glowing hat for 168 gold pieces
  8714 | D:7      | Identified the +7 rapier "Foote" {flame, Str+3}
  8731 | D:7      | Reached skill level 10 in Maces & Flails
  8835 | D:7      | Found a hide-covered altar of Uskayaw.
  8950 | D:7      | Found a shadowy altar of Dithmenos.
  8951 | D:7      | Found a hazy altar of Hepliaklqana.
  8957 | D:7      | Became a worshipper of Hepliaklqana the Forgotten
  8957 | D:7      | Reached * piety under Hepliaklqana
  8957 | D:7      | Reached ** piety under Hepliaklqana
  8958 | D:7      | Remembered your ancestor Caesarion as a battlemage
  9357 | D:8      | Noticed Grum
  9367 | D:8      | Killed Grum
  9368 | D:8      | Reached skill level 9 in Armour
  9371 | D:8      | Reached skill level 1 in Short Blades
  9546 | D:8      | Noticed Prince Ribbit
  9551 | D:8      | Killed Prince Ribbit
  9552 | D:8      | Reached XP level 10. HP: 74/79 MP: 9/9
  9724 | D:8      | Noticed a two-headed ogre
  9732 | D:8      | Killed a two-headed ogre
 10215 | D:8      | Reached skill level 10 in Armour
 10215 | D:8      | Reached skill level 1 in Shields
 10294 | D:8      | Found a broken altar of Ashenzari.
 10744 | D:9      | Noticed a death yak
 10745 | D:9      | Noticed an elephant
 10833 | D:9      | Found an iron altar of Okawaru.
 10882 | D:9      | Reached skill level 1 in Throwing
 11105 | D:9      | Found a shimmering blue altar of Sif Muna.
 11148 | D:9      | Reached *** piety under Hepliaklqana
 11394 | D:9      | Killed a death yak
 11395 | D:9      | Reached skill level 5 in Short Blades
 11532 | D:9      | Found a staircase to the Lair.
 11634 | D:9      | Killed an elephant
 11635 | D:9      | Reached skill level 11 in Armour
 12045 | D:10     | Entered Level 10 of the Dungeon
 12093 | D:10     | Found a transporter.
 12094 | D:10     | Found a transporter.
 12112 | D:10     | Noticed a sun demon
 12114 | D:10     | Reached XP level 11. HP: 67/85 MP: 6/10
 12142 | D:10     | Found a transporter.
 12146 | D:10     | Found a transporter.
 12165 | D:10     | Noticed Fannar
 12170 | D:10     | Killed from afar by Fannar

Illustrated notes

Levels and vault maps discovered:
D:1:      psy_arrival_radial02, layout_basic,
          hellmonk_ecumenical_altar_slurped_away
D:2:      wander_river, layout_loops_ring, glass_columns_a,
          kennysheep_crisscross, guppyfry_early_orc_mine
D:3:      minmay_skewed_foursquare, layout_loops_ring,
          mainiacjoe_overflow_alcove_1, ebering_ghost_disaster_area
D:4:      layout_basic, minmay_temple_entry_mist, uniq_crazy_yiuf_cottage,
          uniq_duvessa, uniq_ijyb
D:5:      layout_rooms, small_statue_intersection, minmay_quadrilaterals,
          uniq_pikel, uniq_eustachio, uniq_sigmund
D:6:      layout_loops_ring, serial_shops, shop, serial_aquarium,
          aquarium_bridge_long_separate [aquarium_subvault_bridge,
          aquarium_subvault_balcony, aquarium_subvault_bridge,
          aquarium_subvault_window, aquarium_subvault_bridge,
          aquarium_subvault_wall], aquarium_window_1, aquarium_window_fake,
          aquarium_window_corridor_1, aquarium_view_2f, aquarium_view_2e,
          aquarium_pool_split
D:7:      layout_rooms, riverfiend_overflow_shadow_ancestor,
          nicolae_uskayaw_murder_on_the_dancefloor, grunt_decor_one_mirror
D:8:      layout_loops_ring, ashenzari_altar_1, uniq_grum, uniq_prince_ribbit1
D:9:      layout_stronghold, mainiacjoe_overflow_large_starburst,
          david_lair_generic, roderic_nine_men_s_morris
D:10:     layout_basic, vehumet_crystals, bloody_makhleb, serial_shops, shop,
          serial_nicolae_subway, nicolae_sub_station_metal,
          nicolae_sub_station_crystal, nicolae_sub_station_stone, uniq_fannar
Temple:   dshaligram_water_room_temple

Skill      XL: |  1  2  3  4  5  6  7  8  9 10 11 |
---------------+----------------------------------+-----
Fighting       | 4 5 6 7 8 |  8.9
Axes           | 4 5 |  5.1
Dodging        | 4 5 |  5.8
Stealth        | 2 3 |  3.0
Armour         | 2 3 5 6 9 11 | 11.5
Maces & Flails | 2 4 6 8 10 | 10.4
Short Blades   | 1 6 |  6.0
Shields        | 1 |  1.8
Throwing       | 1 |  1.3

Action                   |  1- 3 |  4- 6 |  7- 9 | 10-12 || total
-------------------------+-------+-------+-------+-------++-------
Melee: Hand axe          |   106 |    22 |       |       ||   128
       Headbutt          |    18 |    16 |    60 |    16 ||   110
       Morningstar       |       |    54 |       |       ||    54
       Flail             |       |    19 |   253 |       ||   272
       Punch             |       |     1 |     3 |       ||     4
       Rapier            |       |       |    28 |    97 ||   125
Throw: Dart              |       |       |     1 |       ||     1
       Boomerang         |       |       |       |     4 ||     4
Invok: Ancestor Life: Ba |       |       |     1 |       ||     1
  Use: Scroll            |       |       |       |     9 ||     9
 Stab: Sleeping          |     3 |     1 |       |       ||     4
       Distracted        |       |       |     1 |     1 ||     2
Armor: Robe              |    15 |       |       |       ||    15
       Leather armour    |     4 |       |       |       ||     4
       Ring mail         |     2 |    40 |     4 |       ||    46
       Chain mail        |       |       |   150 |       ||   150
       Plate armour      |       |       |       |    77 ||    77
Dodge: Dodged            |    57 |    71 |   136 |    34 ||   298
Block: Buckler           |       |       |     4 |    23 ||    27
